 Dungeon Crawl Stone Soup version 0.27-a0-1116-g91b3acb402 (webtiles) character file.

Game seed: 2968671915588218489

35440 wakim the Covert (level 13, 0/56 (68) HPs)
             Began as a Vine Stalker Fighter on May 1, 2021.
             Was a Follower of Uskayaw.
             Slain by Rupert
             ... wielding a +1 great mace of draining
              (6 damage)
             ... on level 3 of the Lair of Beasts.
             The game lasted 00:50:15 (15454 turns).

wakim the Covert (Vine Stalker Fighter)            Turns: 15454, Time: 00:50:15

HP:   0/56 (68)     AC: 14    Str: 19    XL:     13   Next: 83%
MP:   0/20          EV: 29    Int:  8    God:    Uskayaw [*.....]
Gold: 1183          SH: 12    Dex: 19    Spells: 12/12 levels left

rFire    . . .     SeeInvis .   a - +3 short sword
rCold    . . .     Faith    .   c - +1 kite shield
rNeg     . . .     Spirit   +   q - +0 acid dragon scales
rPois    .         Reflect  .   (no helmet)
rElec    .         Harm     .   D - +0 cloak
rCorr    +         Rampage  .   e - +0 pair of gloves
Will     ++...                  (no boots)
Stlth    +++++.....             G - amulet of the acrobat
HPRegen  1.18/turn              g - +4 ring of protection
MPRegen  0.17/turn              p - ring of willpower

@: acrobatic, heavily drained
A: fangs 3, regeneration 1, magic shield, antimagic bite, no potion heal 2
a: Renounce Religion, Stomp


You were on level 3 of the Lair of Beasts.
You worshipped Uskayaw.
Uskayaw was aware of your devotion.
You visited 3 branches of the dungeon, and saw 16 of its levels.

You collected 1183 gold pieces.

Inventory:

Hand Weapons
 a - a +3 short sword (weapon)
 b - a +1 rapier
Missiles
 l - 2 curare-tipped darts (quivered) {=f}
 w - 7 atropa-tipped darts
 J - 2 throwing nets {=f!f}
Armour
 c - a +1 kite shield (worn)
 e - a +0 pair of gloves (worn)
 q - +0 acid dragon scales (worn)
 D - a +0 cloak (worn)
 E - a +2 robe of willpower
Jewellery
 g - a +4 ring of protection (left hand)
 i - a ring of resist corrosion
 m - a ring of fire
 o - a +4 ring of protection
 p - a ring of willpower (right hand)
 C - a ring of flight
 G - an amulet of the acrobat (around neck)
Wands
 t - a wand of digging (17)
 u - a wand of mindburst (13)
 v - a wand of flame (35)
 x - a wand of iceblast (27)
 y - a wand of paralysis (5)
Scrolls
 n - 6 scrolls of enchant weapon
 T - 12 scrolls of teleportation
 X - 3 scrolls of fog
 Y - a scroll of blinking {!r}
Potions
 d - 2 potions of flight {unknown}
 f - 3 potions of magic {unknown}
 h - a potion of ambrosia {unknown}
 z - 3 potions of invisibility {unknown}
 A - a potion of mutation {unknown}
 B - 5 potions of attraction {!q}
 F - 7 potions of curing
 H - 6 potions of haste
 N - 4 potions of might
 O - 5 potions of resistance


   Skills:
 + Level 7.9 Fighting
 * Level 10.2 Short Blades
 + Level 7.0 Armour
 + Level 6.2 Dodging
 * Level 13.5 Stealth
 + Level 7.9 Shields
 * Level 8.9 Invocations


You had 12 spell levels left.
You didn't know any spells.
Your spell library contained the following spells:

 Spells                   Type           Power      Damage    Failure   Level
 Magic Dart               Conj           0%         1d3       80%         1
 Blink                    Tloc           N/A        N/A       91%         2
 Call Imp                 Summ           0%         N/A       91%         2
 Slow                     Hex            0%         N/A       91%         2
 Conjure Flame            Conj/Fire      0%         6-21      99%         3
 Mephitic Cloud           Conj/Pois/Air  0%         N/A       99%         3


Dungeon Overview and Level Annotations

Branches:
Dungeon (12/15)            Temple (1/1) D:5            Lair (3/6) D:10
  Swamp (0/4) Lair:3          Orc (0/2) D:11
  Snake: Lair:2-4    Spider: Lair:2-4

Altars:
Ashenzari
Cheibriados
Dithmenos
Elyvilon
Fedhas
Gozag
Hepliaklqana
Kikubaaqudgha
Makhleb
Nemelex Xobeh
Okawaru
Qazlal
Ru
Uskayaw
Wu Jian
Xom
Yredelemnul
Zin
The Shining One

Shops:
D:7 ?

Annotations:
D:3 2 transporters
D:5 Duvessa
Lair:3 Rupert


Innate Abilities, Weirdness & Mutations

You have razor-sharp teeth.
Your natural rate of healing is unusually fast.
When hurt, damage is shared between your health and your magic reserves.
Your bite disrupts and absorbs the magic of your enemies.
Potions cannot restore your health.


Message History

The basilisk is almost dead.
You block the basilisk's attack.
You puncture the basilisk!
You kill the basilisk!
Uskayaw will force your foes to helplessly watch your dance.
You now have 1183 gold pieces (gained 7).
H - 6 potions of haste (gained 1)
You can no longer pass through a line of other dancers.
You see here a bullfrog corpse.
Rupert the Wild comes into view.
He is wielding a +1 great mace of draining.
You closely miss Rupert. Your bite misses Rupert. You hit Rupert.
You bite Rupert. You drain his power.
Rupert is lightly wounded.
Rupert hits you with a +1 great mace of draining.
You feel drained.
You hit Rupert but do no damage. You bite Rupert. You drain his power.
You feel invigorated.
Rupert is lightly wounded.
Rupert hits you with a +1 great mace of draining!!
You feel drained.
Unknown command.
You hit Rupert. Your bite misses Rupert.
Rupert is lightly wounded.
Rupert roars madly and goes into a rage!
Rupert goes berserk!
You puncture Rupert! You bite Rupert, but do no damage.
Rupert is lightly wounded.
Rupert hits you with a +1 great mace of draining.
You feel drained.
You hit Rupert but do no damage. You bite Rupert, but do no damage.
Rupert is lightly wounded.
Rupert hits you with a +1 great mace of draining!!
You feel drained.
* * * LOW HITPOINT WARNING * * *
Rupert rages.
Rupert misses you.
Rupert hits you with a +1 great mace of draining!!
* * * LOW HITPOINT WARNING * * *
You feel drained.
You die...

♣♣)§§≈≈≈≈♣♣ ###........#
.♣♣≈≈≈≈≈≈≈♣ #..........#
♣♣≈≈≈≈≈≈≈≈♣ #..........#
♣...≈≈≈≈≈≈♣###..........#
♣♣..♣♣♣♣♣♣♣..###..†...###
....♣ #P...####.#...#
##### #....######..####.#
#...#####........
#....@.....######
##..@.......## #
##...##.##...## ###
##P...######...### ..#
#...### #.....### .##
#....# ###...(.#### .##
#....## ####....##.# ..#
##..## ##..........# ..#
..# #........†...


You could see Rupert (berserk).

Vanquished Creatures
  Snorg (D:11)
  Harold (D:7)
  5 hydras
  A catoblepas (Lair:3)
  Erica (D:9)
  3 two-headed ogres
  3 death yaks (D:10)
  2 deep elf pyromancers (D:12)
  2 cyclopes (D:12)
  Maurice (D:9)
  3 black mambas
  6 cane toads
  Maggie (D:10)
  8 komodo dragons
  An unseen horror (D:12)
  Psyche (D:11)
  4 kobold demonologists
  5 trolls
  A polar bear (Lair:1)
  Prince Ribbit (D:6)
  A hornet (Lair:3)
  9 blink frogs
  Sigmund (D:5)
  A wraith (D:9)
  2 wyverns
  27 yaks
  3 basilisks
  A steam dragon (Lair:3)
  7 vampire mosquitoes
  Menkaure (D:5)
  An acid dragon (D:11)
  14 water moccasins
  2 ice beasts
  A necrophage (D:6)
  10 orc warriors
  3 ogres
  4 wolves (Lair:3)
  4 centaurs
  A phantom (D:4)
  8 kobold brigands
  7 bullfrogs
  A wyvern zombie (D:6)
  A gnoll sergeant (D:9)
  4 scorpions
  A water moccasin zombie (D:6)
  3 killer bees
  3 wights (D:8)
  3 howler monkeys (D:9)
  7 centaur zombies
  4 hounds
  A jelly (D:6)
  5 orc priests
  3 iguanas
  10 orc wizards
  A hell rat (D:10)
  A killer bee zombie (D:6)
  A hound skeleton (D:5)
  2 howler monkey zombies
  5 gnolls (D:9)
  2 river rats (D:10)
  8 adders
  2 white imps
  An ufetubus (D:5)
  2 worms
  2 dart slugs
  36 orcs
  6 endoplasms
  5 giant cockroaches
  3 goblins
  5 hobgoblins
  7 jackals
  3 quokkas
  2 ball pythons (D:2)
  6 bats
  4 frilled lizards
  16 kobolds
  8 rats
333 creatures vanquished.

Vanquished Creatures (others)
  A blink frog (Lair:3)
  9 fungi
  4 plants
  4 toadstools (D:1)
18 creatures vanquished.

Grand Total: 351 creatures vanquished

Notes
Turn   | Place    | Note
-------+----------+-------------------------------------------
     0 | D:1      | wakim the Vine Stalker Fighter began the quest for the Orb.
     0 | D:1      | Reached XP level 1. HP: 11/11 MP: 2/2
   465 | D:1      | Found a faded altar of an unknown god.
   534 | D:1      | Reached skill level 1 in Stealth
   534 | D:1      | Reached XP level 2. HP: 12/16 MP: 3/3
  1742 | D:2      | Reached XP level 3. HP: 18/19 MP: 4/4
  1866 | D:2      | Reached skill level 2 in Stealth
  1945 | D:2      | Gained mutation: Your natural rate of healing is unusually
                  | fast. [Vine Stalker growth]
  1945 | D:2      | Reached XP level 4. HP: 22/23 MP: 3/5
  2241 | D:2      | Reached skill level 1 in Dodging
  2590 | D:2      | Reached XP level 5. HP: 28/28 MP: 6/6
  2614 | D:2      | Reached skill level 3 in Stealth
  3025 | D:3      | Found a transporter.
  3043 | D:3      | Found a transporter.
  3608 | D:4      | Reached XP level 6. HP: 29/29 MP: 7/7
  3827 | D:3      | Reached skill level 4 in Stealth
  4075 | D:4      | Reached XP level 7. HP: 33/36 MP: 6/8
  4384 | D:5      | Entered Level 5 of the Dungeon
  4497 | D:5      | Found a staircase to the Ecumenical Temple.
  4515 | Temple   | Entered the Ecumenical Temple
  4585 | Temple   | Became a worshipper of Uskayaw the Reveller
  4613 | D:5      | Noticed Menkaure
  4624 | D:5      | Reached * piety under Uskayaw
  4627 | D:5      | Reached ** piety under Uskayaw
  4630 | D:5      | Killed Menkaure
  4630 | D:5      | Reached *** piety under Uskayaw
  4631 | D:5      | Reached skill level 5 in Stealth
  4639 | D:5      | Noticed Duvessa
  4804 | D:5      | Gained mutation: You have razor-sharp teeth. [Vine Stalker
                  | growth]
  4804 | D:5      | Reached XP level 8. HP: 40/42 MP: 9/9
  4895 | D:5      | Reached skill level 6 in Stealth
  4898 | D:5      | Noticed Sigmund
  5337 | D:5      | HP: 2/42 [poisoned by Sigmund]
  5504 | D:5      | Killed Sigmund
  5675 | D:6      | Reached skill level 5 in Short Blades
  5828 | D:6      | Reached skill level 7 in Stealth
  5882 | D:6      | Reached XP level 9. HP: 44/46 MP: 8/10
  5954 | D:6      | Found an opulent altar of Gozag.
  5954 | D:6      | Found a basalt altar of Yredelemnul.
  6014 | D:6      | Identified the +5 chain mail "Tywanant" {Int+3}
  6451 | D:7      | Noticed Prince Ribbit
  6452 | D:7      | Noticed Harold
  6474 | D:6      | Killed Prince Ribbit
  6504 | D:7      | Reached **** piety under Uskayaw
  6511 | D:7      | Reached ***** piety under Uskayaw
  6513 | D:7      | Killed Harold
  6514 | D:7      | Reached skill level 5 in Fighting
  6514 | D:7      | Reached skill level 8 in Stealth
  6514 | D:7      | Reached skill level 5 in Shields
  6703 | D:7      | Found Hummao's Magic Scroll Shoppe.
  6932 | D:7      | Reached skill level 1 in Invocations
  7141 | D:7      | Reached XP level 10. HP: 40/51 MP: 10/12
  7313 | D:7      | Found a stormy altar of Qazlal.
  7337 | D:7      | Found a shadowy altar of Dithmenos.
  7337 | D:7      | Found a white marble altar of Elyvilon.
  7559 | D:8      | Found a burning altar of Makhleb.
  7607 | D:8      | Noticed a two-headed ogre
  7708 | D:7      | Killed a two-headed ogre
  7709 | D:7      | Reached skill level 9 in Stealth
  8150 | D:8      | Noticed a two-headed ogre
  8154 | D:8      | Killed a two-headed ogre
  8546 | D:9      | Noticed Erica
  8715 | D:9      | Killed Erica
  8716 | D:9      | Reached skill level 5 in Armour
  8829 | D:9      | Reached skill level 10 in Stealth
  8877 | D:9      | Reached XP level 11. HP: 53/56 MP: 13/15
  9786 | D:9      | Noticed a two-headed ogre
  9786 | D:9      | Noticed Maurice
  9813 | D:9      | Killed a two-headed ogre
  9814 | D:9      | Reached skill level 5 in Invocations
  9829 | D:9      | Killed Maurice
  9829 | D:9      | Reached ****** piety under Uskayaw
 10109 | D:10     | Entered Level 10 of the Dungeon
 10199 | D:10     | Reached skill level 11 in Stealth
 10253 | D:10     | Noticed a death yak
 10256 | D:10     | Found a staircase to the Lair.
 10259 | D:10     | Noticed a death yak
 10260 | D:10     | Noticed a death yak
 10269 | D:10     | Killed a death yak
 10270 | D:10     | Reached skill level 5 in Dodging
 10274 | D:10     | Killed a death yak
 10296 | D:10     | Killed a death yak
 10297 | D:10     | Reached XP level 12. HP: 19/62 MP: 2/17
 10451 | D:10     | Noticed Maggie
 10466 | D:10     | Killed Maggie
 11021 | D:11     | Noticed Snorg
 11029 | D:11     | Killed Snorg
 11097 | D:11     | Identified the +7 falchion "Qegufi" {flame, *Noise rElec
                  | Str+2}
 11272 | D:11     | Found a staircase to the Orcish Mines.
 11296 | D:11     | Noticed Psyche
 11304 | D:11     | Killed Psyche
 11388 | D:11     | Reached skill level 12 in Stealth
 11694 | D:12     | Noticed a death knight
 12261 | Lair:1   | Entered Level 1 of the Lair of Beasts
 12336 | D:10     | Reached XP level 13. HP: 50/67 MP: 14/19
 13575 | Lair:2   | Reached skill level 13 in Stealth
 14663 | Lair:3   | Reached skill level 10 in Short Blades
 15060 | Lair:3   | Found a staircase to the Swamp.
 15437 | Lair:3   | Noticed Rupert
 15454 | Lair:3   | Slain by Rupert

Illustrated notes

Levels and vault maps discovered:
D:1:      ldierk_walled_garden_2, layout_loops_corners,
          ebering_ecumenical_altar_sacrificial
D:2:      layout_loops_ring, minmay_octomino_e4
D:3:      gammafunk_wand_slinger, layout_basic, minmay_misc_feat_enclosed,
          interstate_on_off, small_statue_intersection,
          kennysheep_cross_bottleneck
D:4:      layout_rooms, kennysheep_generic_room_15
D:5:      layout_rooms, minmay_temple_entry_sparse_star, lemuel_old_faithful,
          uniq_menkaure, uniq_sigmund, uniq_duvessa
D:6:      layout_loops_cross, grunt_temple_overflow_open,
          grunt_decor_mini_mirrors, patterned_corridor
D:7:      layout_loops_cross, kennysheep_mini_moat,
          gammafunk_temple_overflow_pools, serial_shops, shop,
          uniq_prince_ribbit1, uniq_harold
D:8:      layout_loops_ring, amcnicky_altar_gilded
D:9:      layout_long_grid, minmay_joined_circles, uniq_erica, uniq_maurice
D:10:     layout_basic, dpeg_lair_monsters, minmay_misc_feat_square, uniq_maggie
D:11:     layout_rooms, uniq_snorg, uniq_psyche
D:12:     layout_rooms, uniq_josephine
Temple:   nicolae_temple_elliptical
Lair:1:   layout_roguey, grunt_megastairs_5
Lair:2:   layout_chaotic_city
Lair:3:   layout_cave_pods, palyth_hydra_swamp_entry, gauntlet_entry_generic,
          grunt_megastairs_4, infiniplex_staircase_pool, uniq_rupert

Skill      XL: |  1  2  3  4  5  6  7  8  9 10 11 12 13 |
---------------+----------------------------------------+-----
Short Blades   | 2 3 4 5 6 7 8 9 10 | 10.2
Stealth        | 1 2 3 4 5 7 8 10 11 12 13 | 13.5
Fighting       | 3 4 5 6 7 |  7.9
Shields        | 3 4 5 6 7 |  7.9
Dodging        | 1 2 3 4 5 6 |  6.2
Armour         | 3 4 5 6 7 |  7.0
Invocations    | 1 4 6 7 8 |  8.9

Action                   |  1- 3 |  4- 6 |  7- 9 | 10-12 | 13-15 || total
-------------------------+-------+-------+-------+-------+-------++-------
Melee: Rapier            |    81 |    18 |       |       |       ||    99
       Bite              |    12 |    41 |   119 |   295 |   134 ||   601
       Short sword       |       |   136 |   292 |   679 |   306 ||  1413
Invok: Line Pass         |       |       |     2 |     7 |     6 ||    15
       Stomp             |       |       |     3 |     3 |       ||     6
  Use: Scroll            |     3 |     3 |     3 |     8 |     2 ||    19
       Potion            |       |       |       |       |     1 ||     1
 Stab: Paralysed         |       |       |     7 |    42 |    13 ||    62
       Confused          |       |       |     1 |     4 |     4 ||     9
       Sleeping          |       |       |       |    10 |    13 ||    23
       Distracted        |       |       |       |       |     1 ||     1
       Petrifying        |       |       |       |       |     1 ||     1
Armor: Scale mail        |    36 |    53 |    38 |       |       ||   127
       Chain mail        |       |       |    68 |    23 |       ||    91
       Ring mail         |       |       |       |    96 |       ||    96
       Acid dragon scale |       |       |       |   122 |    86 ||   208
       Steam dragon scal |       |       |       |    10 |       ||    10
Dodge: Dodged            |    24 |    29 |    69 |   328 |   134 ||   584
Block: Kite shield       |    39 |    73 |   135 |   418 |   157 ||   822

Table legend: (Time is in decaauts)
 A = Elapsed time spent in this place.
 B = Non-inter-level travel time spent in this place.
 C = Inter-level travel time spent in this place.
 D = Time resting spent in this place.
 E = Time spent auto-exploring this place.
 F = Levels seen in this place.
 G = Mean time per level.
                   A        B        C        D        E       F      G
               +--------+--------+--------+--------+--------+-----+--------+
         Total |  15417 |  14499 |    918 |    551 |  10305 |  16 |  963.6 |
       Dungeon |  12298 |  11616 |    682 |    447 |   8201 |  12 | 1024.8 |
        Temple |     83 |     71 |     12 |      0 |     65 |   1 |   83.0 |
          Lair |   3034 |   2810 |    224 |    104 |   2038 |   3 | 1011.3 |
               +--------+--------+--------+--------+--------+-----+--------+

Top non-repeatable levels by time:
     D:1: 1711 daAuts
     D:9: 1554 daAuts
     D:3: 1179 daAuts
  Lair:1: 1165 daAuts
     D:2: 1112 daAuts
     D:7: 1066 daAuts
     D:8: 1051 daAuts
  Lair:3: 970 daAuts
    D:10: 932 daAuts
     D:4: 912 daAuts
  Lair:2: 899 daAuts
     D:6: 881 daAuts
     D:5: 677 daAuts
    D:12: 650 daAuts
    D:11: 568 daAuts
